 Dungeon Crawl Stone Soup version 0.31-a0-229-g1fc7ce93e2 (webtiles) character file.

Game seed: 7316211517811275079

70735 qw the Marksminotaur (level 14, -2/137 HPs)
             Began as a Minotaur Hexslinger on July 6, 2023.
             Was a High Priest of Okawaru.
             Slain by a fire elemental (11 damage)
             ... summoned by a deep elf pyromancer
             ... on level 15 of the Dungeon.
             The game lasted 00:09:40 (17544 turns).

qw the Marksminotaur (Minotaur Hexslinger)         Turns: 17544, Time: 00:09:41

Health: -2/137     AC: 15    Str: 20    XL:     14   Next: 95%
Magic:  20/20      EV: 24    Int:  5    God:    Okawaru [*****.]
Gold:   1460       SH:  4    Dex: 22    Spells: 14/15 levels left

rFire   . . .        v - +8 triple crossbow of Paitz {drain, rPois rN+ Int-5}
rCold   . . .        (shield currently unavailable)
rNeg    + + .        e - +4 ring mail "Uge Umastimm" {rN+ Will+ Str+2 Dex+3}
rPois   +            (helmet restricted)
rElec   .            m - scarf {repulsion}
rCorr   .            (no gloves)
SInv    +            p - +2 pair of boots
Will    ++...        u - amulet of faith
Stlth   +++          k - ring of see invisible
HPRegen 0.42/turn    t - +6 ring of strength
MPRegen 0.17/turn

%: repel missiles, faith
@: about to teleport, heroic
A: horns 2, retaliatory headbutt, talons 1, large bone plates 1
a: Renounce Religion, Heroism, Finesse, Duel


You were on level 15 of the Dungeon.
You worshipped Okawaru.
Okawaru was extremely pleased with you.
You visited 2 branches of the dungeon, and saw 20 of its levels.

You collected 1460 gold pieces.


Innate Abilities, Weirdness & Mutations

You have a pair of horns on your head.
You reflexively headbutt those who attack you in melee.
You have sharp toenails.
You are partially covered in large bone plates. (SH +4)


   Skills:
 - Level 16.0(21.0) Fighting
 + Level 19.2(24.2) Ranged Weapons
 - Level 7.0(12.0) Armour
 - Level 12.1(17.1) Dodging
 - Level 1.0 Spellcasting
 - Level 2.0 Hexes
 - Level 10.0 Invocations


You had 14 spell levels left.
You knew the following spells:

 Your Spells              Type           Power      Damage    Failure   Level
a - Slow                  Hex            8%         N/A       30%         1

Your spell library contained the following spells:

 Spells                   Type           Power      Damage    Failure   Level
 Inner Flame              Hex/Fire       1%         N/A       80%         3
 Portal Projectile        Hex/Tloc       2%         N/A       80%         3
 Cause Fear               Hex            1%         N/A       97%         4

Inventory:

Hand Weapons
 v - the +8 triple crossbow of Paitz (weapon) {drain, rPois rN+ Int-5}
   (Okawaru gifted it to you on level 13 of the Dungeon)

   Int:       It affects your intelligence (-5).
   rPois:     It protects you from poison.
   rN:        It protects you from negative energy.
Armour
 e - the +4 ring mail "Uge Umastimm" (worn) {rN+ Will+ Str+2 Dex+3}
   (You found it on level 3 of the Dungeon)

   Str:       It affects your strength (+2).
   Dex:       It affects your dexterity (+3).
   rN:        It protects you from negative energy.
   Will:      It increases your willpower.
 j - a +1 cloak
 m - a scarf of repulsion (worn)
 p - a +2 pair of boots (worn)
Jewellery
 f - a ring of fire
 i - a ring of ice
 k - a ring of see invisible (left hand)
 l - a ring of ice
 s - an amulet of reflection
 t - a +6 ring of strength (right hand)
 u - an amulet of faith (around neck)
 Y - a ring of positive energy
Wands
 b - a wand of digging (14)
Scrolls
 c - 10 scrolls of identify
 o - 2 scrolls of teleportation
Potions
 a - 7 potions of curing
 d - 5 potions of enlightenment
 g - 4 potions of haste
 n - a potion of resistance
 q - 2 potions of might
 r - a potion of mutation
 w - a potion of cancellation

Dungeon Overview and Level Annotations

Branches:
Dungeon (15/15)            Temple (0/1) D:5            Lair (5/5) D:9
 Shoals (0/4) Lair:3        Snake (0/4) Lair:3        Slime (0/5) Lair:4
    Orc (0/2) D:9          Vaults (0/5) D:14
 Depths: D:15

Altars:
Ashenzari
Cheibriados
Fedhas
Hepliaklqana
Makhleb
Nemelex Xobeh
Okawaru
Qazlal
Ru
Vehumet
Zin
The Shining One
Jiyva

Shops:
D:12 [   D:14 (

Portals:
Hell: Lair:5

Annotations:
D:10 3 runed translucent doors, qw's ghost, journeyman GrFi
D:14 36 runed doors
Lair:4 4 runed translucent doors, qw's ghost, journeyman GrFi


Message History

The death knight is severely wounded.
The skeletal warrior misses you. You furiously retaliate!
You headbutt the skeletal warrior. You block the death knight's attack.
The deep elf pyromancer barely misses you.
You furiously retaliate!
You headbutt the deep elf pyromancer. You shoot a bolt.
The bolt hits the death knight.
The death knight is severely wounded.
The skeletal warrior closely misses you.
The death knight calls down the wrath of Yredelemnul upon you.
You resist with almost no effort.
The deep elf pyromancer mumbles some strange words.
You shoot a bolt.
The bolt barely misses the death knight.
The bolt hits the wraith but does no damage.
The deep elf pyromancer misses you. You furiously retaliate!
You headbutt the deep elf pyromancer!
The skeletal warrior hits you with a +0 flail!
The death knight hits you with a +0 broad axe!
The fire elemental misses you.
17543 ||| READING 3 scrolls of teleportation.
As you read the scroll of teleportation, it crumbles to dust.
You feel strangely unstable.
The fire elemental completely misses you.
The deep elf pyromancer casts a spell at you.
The bolt of fire misses you.
The death knight hits you with a +0 broad axe!!
The skeletal warrior barely misses you.
You shoot a bolt. The bolt hits the death knight!!
You kill the death knight!
Okawaru accepts your kill.
You can now enter into single combat with a foe.
Okawaru will now gift you equipment as you gain piety.
The fire elemental misses you. You furiously retaliate!
You headbutt the fire elemental!
The deep elf pyromancer barely misses you.
The skeletal warrior completely misses you.
You furiously retaliate!
You headbutt the skeletal warrior!
The fire elemental completely misses you.
The fire elemental hits you. The fire elemental burns you!
You die...

#.. .# #.. #.#
#.. #.# #.. #.#
#.. #.# #.. #.#
#.z#####.#
#WE@.....#
#0eE.....######
#0#####.......#
..0 #.......#
.... #.......#
#### #.......#
#.......#
###.......##
#..........##


You could see a skeletal warrior, a deep elf pyromancer, 2 fire elementals and a
wraith.

Vanquished Creatures
  Rupert (D:14)
  Nessos (D:15)
  A yaktaur captain (D:14)
  5 hydras
  Fannar (Lair:3)
  Harold (D:9)
  5 boulder beetles
  2 centaur warriors (D:13)
  A death knight (D:15)
  Erica (Lair:2)
  2 two-headed ogres
  5 skysharks
  Amaemon (D:9)
  A sixfirhy (Lair:5)
  3 skeletal warriors (D:14)
  A wizard (Lair:5)
  Pikel (D:4)
  A lindwurm (Lair:3)
  An orc knight (D:15)
  10 ugly things
  2 cyclopes
  2 manticores
  7 elephants (Lair:5)
  Joseph (D:8)
  2 torpor snails (Lair:3)
  3 black mambas
  4 orange demons
  19 cane toads
  A cane toad (shapeshifter) (D:14)
  An efreet (D:15)
  5 rime drakes
  3 unseen horrors (D:13)
  A kobold demonologist (D:11)
  A freezing wraith (D:15)
  3 ice devils (Lair:5)
  10 komodo dragons
  2 yaktaurs (D:14)
  3 polar bears
  10 trolls
  A hellwing (Lair:5)
  3 hornets
  Grinder (D:4)
  9 dream sheep
  15 blink frogs
  10 slime creatures (D:12)
  A centaur simulacrum (D:14)
  A shadow (D:11)
  6 wyverns
  3 vampires
  27 yaks
  6 basilisks
  5 steam dragons
  A redback simulacrum (D:14)
  12 vampire mosquitoes
  A naga (Lair:3)
  2 acid dragons (D:11)
  12 water moccasins
  3 hell hounds (Lair:5)
  5 ice beasts
  6 orc warriors
  2 sky beasts
  3 black bears
  11 wolves
  2 ogres
  2 lemures (D:4)
  4 centaurs
  A kobold brigand (D:9)
  2 phantoms (D:13)
  16 bullfrogs
  7 scorpions
  4 wights
  13 killer bees
  2 electric eels
  3 howler monkeys
  11 orc priests
  6 jellies
  3 sleepcaps
  4 gnoll boudas
  4 hounds
  8 iguanas
  10 orc wizards
  Robin (D:3)
  15 gnolls
  6 adders
  A river rat (D:10)
  2 white imps
  An ufetubus (D:5)
  6 worms
  3 dart slugs
  49 orcs
  8 ball pythons
  9 bats
  6 endoplasms
  A giant cockroach (D:3)
  9 hobgoblins
  6 jackals
  2 quokkas (D:1)
  6 frilled lizards
  16 goblins
  17 kobolds
  9 rats
546 creatures vanquished.

Notes
Turn   | Place    | Note
-------+----------+-------------------------------------------
     0 | D:1      | qw the Minotaur Hexslinger began the quest for the Orb.
     0 | D:1      | Reached XP level 1. HP: 16/16 MP: 1/1
     0 | D:1      | 0 ||| qw: Version: 0.3-a-46-gb1f654a
     0 | D:1      | 0 ||| qw: Game counter: 1227
     0 | D:1      | 0 ||| qw: Melee chars always use a shield: true
     0 | D:1      | 0 ||| qw: God list: Okawaru
     0 | D:1      | 0 ||| qw: Allow faded altars: false
     0 | D:1      | 0 ||| qw: Do Orc after clearing Dungeon:15 true
     0 | D:1      | 0 ||| qw: Do second Lair branch before Depths: true
     0 | D:1      | 0 ||| qw: Lair rune preference: random
     0 | D:1      | 0 ||| qw: Goals: Normal
     0 | D:1      | 0 ||| PLANNING D:1-11
   255 | D:1      | Reached skill level 3 in Ranged Weapons
   255 | D:1      | Reached XP level 2. HP: 23/23 MP: 2/2
   758 | D:1      | 758 ||| UPGRADING to +0 ring mail.
   768 | D:1      | 768 ||| DROPPING +0 robe.
   769 | D:1      | 769 ||| READING scroll labelled VIPRIR YPROEPNOG.
   770 | D:1      | 770 ||| READING scroll labelled PIORIU FUUTO.
   771 | D:1      | 771 ||| DRINKING 2 fizzy cyan potions.
   772 | D:1      | 772 ||| DROPPING scroll of poison.
   773 | D:1      | 773 ||| DROPPING potion of attraction.
   814 | D:2      | Reached XP level 3. HP: 27/29 MP: 3/3
   847 | D:2      | 847 ||| FLEEEEING.
   849 | D:2      | 849 ||| FLEEEEING.
   862 | D:2      | Reached skill level 4 in Ranged Weapons
   961 | D:2      | Identified the +5 dagger "Pooc Aci" {holy, rElec rF+ rN+
                  | Will-}
  1072 | D:2      | Reached skill level 1 in Armour
  1146 | D:2      | Found a faded altar of an unknown god.
  1561 | D:2      | 1561 ||| READING 2 scrolls labelled TIATTO VU RAYC.
  1600 | D:3      | Identified the +4 ring mail "Uge Umastimm" {rN+ Will+ Str+2
                  | Dex+3}
  1674 | D:3      | 1674 ||| FLEEEEING.
  1675 | D:3      | 1675 ||| FLEEEEING.
  1676 | D:3      | 1676 ||| FLEEEEING.
  1677 | D:3      | 1677 ||| FLEEEEING.
  1678 | D:3      | 1678 ||| FLEEEEING.
  1679 | D:3      | 1679 ||| FLEEEEING.
  1680 | D:3      | 1680 ||| FLEEEEING.
  1681 | D:3      | 1681 ||| FLEEEEING.
  1692 | D:3      | 1692 ||| FLEEEEING.
  1693 | D:3      | 1693 ||| FLEEEEING.
  1694 | D:3      | 1694 ||| FLEEEEING.
  1695 | D:3      | 1695 ||| FLEEEEING.
  1696 | D:3      | 1696 ||| STAIRDANCE
  1709 | D:2      | 1709 ||| UPGRADING to +4 ring mail "Uge Umastimm" {rN+
                  | Will+ Str+2 Dex+3}.
  1719 | D:2      | 1719 ||| DROPPING +0 ring mail.
  1737 | D:3      | Reached XP level 4. HP: 14/36 MP: 4/4
  1892 | D:3      | Noticed Robin
  1898 | D:3      | Reached skill level 5 in Ranged Weapons
  1906 | D:3      | Killed Robin
  1939 | D:3      | Reached skill level 3 in Fighting
  1939 | D:3      | Reached XP level 5. HP: 42/45 MP: 5/5
  2269 | D:3      | 2269 ||| UPGRADING to +1 cloak.
  2274 | D:3      | 2274 ||| UPGRADING to amulet of regeneration.
  2279 | D:3      | 2279 ||| DRINKING 2 grey potions.
  2279 | D:3      | Reached skill level 13 in Ranged Weapons
  2279 | D:3      | Reached XP level 6. HP: 51/51 MP: 6/6
  2280 | D:3      | 2280 ||| DRINKING potion of experience.
  2280 | D:3      | Reached XP level 7. HP: 74/74 MP: 7/7
  2281 | D:3      | 2281 ||| DRINKING 2 puce potions.
  2320 | D:4      | 2320 ||| STAIRDANCE
  2365 | D:4      | 2365 ||| STAIRDANCE
  2419 | D:4      | Reached skill level 3 in Dodging
  2437 | D:4      | 2437 ||| Stepping ~*~*~tactically~*~*~ (outnumbered).
  2551 | D:4      | Reached XP level 8. HP: 79/82 MP: 8/8
  2577 | D:4      | Noticed Pikel
  2601 | D:4      | Killed Pikel
  2721 | D:4      | Found a glowing golden altar of the Shining One.
  2732 | D:4      | Reached skill level 3 in Armour
  2925 | D:4      | Noticed Grinder
  2938 | D:4      | Paralysed by Grinder for 2 turns
  2941 | D:4      | Killed Grinder
  3028 | D:4      | 3028 ||| READING scroll labelled OXTACU QOULUU.
  3029 | D:4      | 3029 ||| DRINKING 2 bubbling clear potions.
  3029 | D:4      | Gained mutation: You occasionally lose the ability to drink
                  | potions when taking damage. [potion of mutation]
  3029 | D:4      | Gained mutation: You are partially covered in iridescent
                  | scales. (AC +2) [potion of mutation]
  3030 | D:4      | 3030 ||| DRINKING potion of mutation.
  3030 | D:4      | Lost mutation: You are partially covered in iridescent
                  | scales. (AC +2) [potion of mutation]
  3030 | D:4      | Lost mutation: You occasionally lose the ability to drink
                  | potions when taking damage. [potion of mutation]
  3030 | D:4      | Gained mutation: You occasionally lose the ability to read
                  | scrolls when taking damage. [potion of mutation]
  3031 | D:4      | 3031 ||| DRINKING 2 emerald potions.
  3039 | D:4      | 3039 ||| DRINKING 2 bubbling green potions.
  3040 | D:4      | 3040 ||| READING 4 scrolls of identify.
  3040 | D:4      | 3040 ||| IDENTIFYING ruby potion
  3041 | D:4      | 3041 ||| READING 3 scrolls of identify.
  3041 | D:4      | 3041 ||| IDENTIFYING lumpy red potion
  3042 | D:4      | 3042 ||| READING 2 scrolls of identify.
  3042 | D:4      | 3042 ||| IDENTIFYING metallic grey potion
  3043 | D:4      | 3043 ||| DROPPING potion of ambrosia.
  3044 | D:4      | 3044 ||| DROPPING potion of brilliance.
  3045 | D:4      | 3045 ||| DROPPING potion of magic.
  3070 | D:5      | Entered Level 5 of the Dungeon
  3070 | D:5      | Found a sacrificial altar of Ru.
  3070 | D:5      | Found a radiant altar of Vehumet.
  3070 | D:5      | Found an iron altar of Okawaru.
  3071 | D:5      | 3071 ||| PLANNING OKAWARU WORSHIP
  3071 | D:5      | 3071 ||| STAIRDANCE
  3075 | D:5      | Found a snail-covered altar of Cheibriados.
  3075 | D:5      | Found a broken altar of Ashenzari.
  3077 | D:5      | Found a stormy altar of Qazlal.
  3080 | D:5      | Became a worshipper of Warmaster Okawaru
  3081 | D:5      | 3081 ||| PLANNING D:1-11
  3123 | D:5      | 3123 ||| Stepping ~*~*~tactically~*~*~ (outnumbered).
  3137 | D:5      | Reached XP level 9. HP: 76/89 MP: 9/9
  3182 | D:5      | Found a blossoming altar of Fedhas.
  3332 | D:5      | Reached skill level 6 in Dodging
  3519 | D:5      | Found a staircase to the Ecumenical Temple.
  3789 | D:5      | Found a burning altar of Makhleb.
  3791 | D:5      | Found a hazy altar of Hepliaklqana.
  3793 | D:5      | Found a glowing silver altar of Zin.
  3795 | D:5      | 3795 ||| READING scroll labelled ZOAMAT QEBB.
  3796 | D:5      | 3796 ||| READING 2 scrolls of identify.
  3796 | D:5      | 3796 ||| IDENTIFYING lumpy puce potion
  3797 | D:5      | 3797 ||| DROPPING potion of invisibility.
  3863 | D:6      | Reached skill level 14 in Ranged Weapons
  3870 | D:6      | 3870 ||| SWAPPING to +0 orcbow.
  3871 | D:6      | 3871 ||| DROPPING +1 sling.
  3943 | D:6      | Reached * piety under Okawaru
  3961 | D:6      | 3961 ||| INVOKING Heroism.
  3999 | D:6      | 3999 ||| INVOKING Heroism.
  4050 | D:6      | 4050 ||| INVOKING Heroism.
  4176 | D:6      | 4176 ||| INVOKING Heroism.
  4305 | D:6      | 4305 ||| DRINKING potion of mutation.
  4305 | D:6      | Lost mutation: You occasionally lose the ability to read
                  | scrolls when taking damage. [potion of mutation]
  4305 | D:6      | Gained mutation: You are partially covered in large bone
                  | plates. (SH +4) [potion of mutation]
  4305 | D:6      | Gained mutation: You have sharp toenails. [potion of
                  | mutation]
  4343 | D:6      | 4343 ||| Stepping ~*~*~tactically~*~*~ (outnumbered).
  4351 | D:6      | 4351 ||| Stepping ~*~*~tactically~*~*~ (outnumbered).
  4352 | D:6      | 4352 ||| INVOKING Heroism.
  4415 | D:6      | 4415 ||| INVOKING Heroism.
  4419 | D:6      | Reached skill level 1 in Invocations
  4666 | D:6      | 4666 ||| READING scroll labelled EHUDIL PIRPHYUT.
  4671 | D:6      | 4671 ||| DRINKING 2 viscous dark potions.
  4672 | D:6      | 4672 ||| READING 3 scrolls of identify.
  4672 | D:6      | 4672 ||| IDENTIFYING bubbling dark potion
  4673 | D:6      | 4673 ||| READING 2 scrolls of identify.
  4673 | D:6      | 4673 ||| IDENTIFYING glowing emerald potion
  4687 | D:7      | 4687 ||| INVOKING Heroism.
  4688 | D:7      | 4688 ||| INVOKING Heroism.
  4729 | D:7      | 4729 ||| INVOKING Heroism.
  4734 | D:7      | Reached XP level 10. HP: 96/96 MP: 7/10
  4863 | D:7      | 4863 ||| Stepping ~*~*~tactically~*~*~ (water).
  4865 | D:7      | 4865 ||| Stepping ~*~*~tactically~*~*~ (water).
  4945 | D:7      | 4945 ||| INVOKING Heroism.
  5184 | D:8      | 5184 ||| INVOKING Heroism.
  5206 | D:8      | 5206 ||| STAIRDANCE
  5217 | D:8      | 5217 ||| STAIRDANCE
  5243 | D:8      | 5243 ||| INVOKING Heroism.
  5245 | D:8      | Reached skill level 3 in Invocations
  5250 | D:8      | 5250 ||| Stepping ~*~*~tactically~*~*~ (cloud).
  5355 | D:8      | Noticed Joseph
  5367 | D:8      | 5367 ||| FLEEEEING.
  5371 | D:8      | 5371 ||| FLEEEEING.
  5372 | D:8      | 5372 ||| STAIRDANCE
  5384 | D:8      | Killed Joseph
  5458 | D:8      | Reached ** piety under Okawaru
  5629 | D:8      | 5629 ||| INVOKING Heroism.
  5640 | D:8      | 5640 ||| Stepping ~*~*~tactically~*~*~ (cloud).
  5749 | D:9      | 5749 ||| STAIRDANCE
  6005 | D:9      | Found a staircase to the Lair.
  6068 | D:9      | Noticed Amaemon
  6069 | D:9      | 6069 ||| Stepping ~*~*~tactically~*~*~ (outnumbered).
  6070 | D:9      | Noticed an orange demon
  6071 | D:9      | 6071 ||| Stepping ~*~*~tactically~*~*~ (outnumbered).
  6072 | D:9      | 6072 ||| INVOKING Heroism.
  6077 | D:9      | 6077 ||| Stepping ~*~*~tactically~*~*~ (outnumbered).
  6091 | D:9      | Killed Amaemon
  6091 | D:9      | HP: 21/96 [poisoned by Amaemon]
  6092 | D:9      | Reached skill level 15 in Ranged Weapons
  6092 | D:9      | 6092 ||| DRINKING potion of heal wounds.
  6094 | D:9      | Killed an orange demon
  6182 | D:9      | Reached XP level 11. HP: 94/102 MP: 13/13
  6527 | D:9      | Noticed Harold
  6528 | D:9      | 6528 ||| INVOKING Heroism.
  6535 | D:9      | Killed Harold
  6577 | D:9      | Found a staircase to the Orcish Mines.
  6849 | D:9      | 6849 ||| INVOKING Heroism.
  6971 | D:9      | 6971 ||| PLANNING LAIR
  6971 | D:9      | 6971 ||| DROPPING +0 ring mail of fire resistance.
  6972 | D:9      | 6972 ||| READING scroll labelled SIOSOZ PIUPP.
  6973 | D:9      | 6973 ||| READING scroll labelled HARIHO MIHUDY.
  6974 | D:9      | 6974 ||| READING 2 scrolls of identify.
  6974 | D:9      | 6974 ||| IDENTIFYING bubbling red potion
  6975 | D:9      | 6975 ||| DROPPING potion of lignification.
  7018 | Lair:1   | Entered Level 1 of the Lair of Beasts
  7021 | Lair:1   | 7021 ||| INVOKING Heroism.
  7080 | Lair:1   | Reached skill level 16 in Ranged Weapons
  7135 | Lair:1   | 7135 ||| INVOKING Heroism.
  7207 | Lair:1   | 7207 ||| INVOKING Heroism.
  7244 | Lair:1   | Reached *** piety under Okawaru
  7285 | Lair:1   | 7285 ||| INVOKING Heroism.
  7321 | Lair:1   | 7321 ||| INVOKING Heroism.
  7486 | Lair:1   | 7486 ||| INVOKING Heroism.
  7814 | Lair:1   | 7814 ||| DROPPING ring of magical power.
  7815 | Lair:1   | 7815 ||| READING scroll labelled GUIMAIROA.
  7816 | Lair:1   | 7816 ||| READING 2 scrolls of identify.
  7816 | Lair:1   | 7816 ||| IDENTIFYING sedimented silvery potion
  7817 | Lair:1   | 7817 ||| DROPPING potion of degeneration.
  7906 | Lair:2   | 7906 ||| INVOKING Heroism.
  7907 | Lair:2   | 7907 ||| Stepping ~*~*~tactically~*~*~ (cloud).
  7915 | Lair:2   | Reached skill level 12 in Fighting
  7963 | Lair:2   | Noticed a seven-headed hydra
  7964 | Lair:2   | 7964 ||| INVOKING Heroism.
  7971 | Lair:2   | Killed a seven-headed hydra
  8092 | Lair:2   | Found a radiant altar of Vehumet.
  8186 | Lair:2   | 8186 ||| INVOKING Heroism.
  8230 | Lair:2   | 8230 ||| INVOKING Heroism.
  8240 | Lair:2   | Reached skill level 9 in Dodging
  8269 | Lair:2   | 8269 ||| INVOKING Heroism.
  8329 | Lair:2   | Noticed Erica
  8330 | Lair:2   | 8330 ||| INVOKING Heroism.
  8357 | Lair:2   | Killed Erica
  8358 | Lair:2   | Reached skill level 6 in Armour
  8714 | Lair:2   | 8714 ||| UPGRADING to +6 ring of strength.
  8722 | Lair:3   | 8722 ||| INVOKING Heroism.
  8733 | Lair:3   | Noticed a skyshark
  8735 | Lair:3   | 8735 ||| STAIRDANCE
  8741 | Lair:2   | HP: 22/104 [cane toad (9)]
  8742 | Lair:2   | 8742 ||| READING scroll of teleportation.
  8743 | Lair:2   | 8743 ||| DRINKING potion of heal wounds.
  8846 | Lair:3   | Noticed a lindwurm
  8847 | Lair:3   | 8847 ||| INVOKING Heroism.
  8868 | Lair:3   | Killed a lindwurm
  8869 | Lair:3   | Reached XP level 12. HP: 99/112 MP: 14/14
  8886 | Lair:3   | 8886 ||| INVOKING Heroism.
  8926 | Lair:3   | 8926 ||| INVOKING Heroism.
  8932 | Lair:3   | Noticed Fannar
  8960 | Lair:3   | 8960 ||| INVOKING Heroism.
  8964 | Lair:3   | Killed Fannar
  9043 | Lair:3   | 9043 ||| INVOKING Heroism.
  9057 | Lair:3   | 9057 ||| INVOKING Heroism.
  9176 | Lair:3   | Found a staircase to the Shoals.
  9210 | Lair:3   | Found a staircase to the Snake Pit.
  9260 | Lair:3   | Reached **** piety under Okawaru
  9324 | Lair:3   | 9324 ||| INVOKING Heroism.
 10038 | Lair:3   | 10038 ||| DRINKING 2 dark potions.
 10143 | Lair:3   | 10143 ||| DROPPING potion of berserk rage.
 10197 | Lair:4   | 10197 ||| INVOKING Heroism.
 10434 | Lair:4   | Found a viscous altar of Jiyva.
 10435 | Lair:4   | Found a staircase to the Slime Pits.
 10463 | Lair:4   | Noticed a six-headed hydra
 10464 | Lair:4   | 10464 ||| INVOKING Heroism.
 10475 | Lair:4   | Killed a six-headed hydra
 10551 | Lair:4   | 10551 ||| UPGRADING to scarf of repulsion.
 10565 | Lair:4   | 10565 ||| READING scroll labelled OPSETTEAVO.
 10566 | Lair:4   | 10566 ||| FLEEEEING.
 10567 | Lair:4   | 10567 ||| FLEEEEING.
 10647 | Lair:4   | Noticed a boulder beetle
 10648 | Lair:4   | 10648 ||| INVOKING Heroism.
 10660 | Lair:4   | Killed a boulder beetle
 10661 | Lair:4   | Reached skill level 6 in Invocations
 10708 | Lair:4   | Found a runed translucent door.
 10753 | Lair:4   | 10753 ||| INVOKING Heroism.
 10757 | Lair:4   | Reached XP level 13. HP: 64/124 MP: 13/16
 10826 | Lair:4   | 10826 ||| INVOKING Heroism.
 10843 | Lair:4   | 10843 ||| INVOKING Heroism.
 10866 | Lair:4   | Reached ***** piety under Okawaru
 10902 | Lair:4   | 10902 ||| INVOKING Heroism.
 11066 | Lair:4   | Found a runed translucent gate.
 11066 | Lair:4   | Found a runed translucent gate.
 11066 | Lair:4   | Found a runed translucent gate.
 11067 | Lair:4   | Noticed qw's ghost (journeyman GrFi)
 11482 | Lair:4   | 11482 ||| READING scroll labelled XIDEEJ ZAEJED.
 11497 | Lair:5   | Entered Level 5 of the Lair of Beasts
 11500 | Lair:5   | 11500 ||| INVOKING Heroism.
 11513 | Lair:5   | 11513 ||| INVOKING Heroism.
 11521 | Lair:5   | HP: 31/125 [skyshark (11)]
 11522 | Lair:5   | 11522 ||| READING 2 scrolls of teleportation.
 11526 | Lair:5   | HP: 13/125 [poisoned by a black mamba]
 11528 | Lair:5   | 11528 ||| READING scroll of teleportation.
 11531 | Lair:5   | HP: 7/125 [poisoned by a black mamba]
 11536 | Lair:5   | HP: 7/125 [poisoned by a black mamba]
 11539 | Lair:5   | 11539 ||| INVOKING Heroism.
 11555 | Lair:5   | Reached skill level 15 in Fighting
 11561 | Lair:5   | HP: 29/126 [elephant (2)]
 11579 | Lair:5   | 11579 ||| INVOKING Heroism.
 11728 | Lair:5   | 11728 ||| INVOKING Heroism.
 11756 | Lair:5   | Received a gift from Okawaru
 11762 | Lair:5   | 11762 ||| INVOKING Heroism.
 11839 | Lair:5   | 11839 ||| INVOKING Heroism.
 11905 | Lair:5   | 11905 ||| DRINKING potion of cancellation.
 12151 | Lair:5   | 12151 ||| INVOKING Heroism.
 12188 | Lair:5   | Reached skill level 12 in Dodging
 12202 | Lair:5   | Reached skill level 9 in Invocations
 12252 | Lair:5   | 12252 ||| FLEEEEING.
 12256 | Lair:5   | 12256 ||| FLEEEEING.
 12257 | Lair:5   | 12257 ||| FLEEEEING.
 12343 | Lair:5   | 12343 ||| FLEEEEING.
 12344 | Lair:5   | 12344 ||| FLEEEEING.
 12345 | Lair:5   | 12345 ||| FLEEEEING.
 12353 | Lair:5   | 12353 ||| FLEEEEING.
 12354 | Lair:5   | 12354 ||| FLEEEEING.
 12359 | Lair:5   | 12359 ||| FLEEEEING.
 12360 | Lair:5   | 12360 ||| FLEEEEING.
 12369 | Lair:5   | 12369 ||| Stepping ~*~*~tactically~*~*~ (outnumbered).
 12376 | Lair:5   | 12376 ||| Stepping ~*~*~tactically~*~*~ (outnumbered).
 12408 | Lair:5   | Found a burning altar of Makhleb.
 12443 | Lair:5   | Found a gateway to Hell.
 12639 | Lair:5   | 12639 ||| PLANNING D:1-11
 12639 | Lair:5   | 12639 ||| UPGRADING to +2 pair of boots.
 12737 | D:10     | Entered Level 10 of the Dungeon
 12864 | D:10     | Found a runed translucent gate.
 12864 | D:10     | Found a runed translucent gate.
 12981 | D:10     | 12981 ||| INVOKING Heroism.
 13018 | D:10     | 13018 ||| Stepping ~*~*~tactically~*~*~ (cloud).
 13023 | D:10     | 13023 ||| Stepping ~*~*~tactically~*~*~ (cloud).
 13195 | D:10     | Reached XP level 14. HP: 136/136 MP: 20/20
 13371 | D:10     | Found a runed translucent gate.
 13374 | D:10     | Noticed qw's ghost (journeyman GrFi)
 13530 | D:11     | 13530 ||| FLEEEEING.
 13531 | D:11     | 13531 ||| FLEEEEING.
 13532 | D:11     | 13532 ||| FLEEEEING.
 13533 | D:11     | 13533 ||| FLEEEEING.
 13534 | D:11     | 13534 ||| FLEEEEING.
 13535 | D:11     | 13535 ||| FLEEEEING.
 13536 | D:11     | 13536 ||| FLEEEEING.
 13537 | D:11     | 13537 ||| FLEEEEING.
 13538 | D:11     | 13538 ||| FLEEEEING.
 13539 | D:11     | 13539 ||| FLEEEEING.
 13658 | D:11     | 13658 ||| FLEEEEING.
 13659 | D:11     | 13659 ||| FLEEEEING.
 13660 | D:11     | 13660 ||| FLEEEEING.
 13661 | D:11     | 13661 ||| FLEEEEING.
 13662 | D:11     | 13662 ||| FLEEEEING.
 13663 | D:11     | 13663 ||| FLEEEEING.
 13664 | D:11     | 13664 ||| FLEEEEING.
 13665 | D:11     | 13665 ||| FLEEEEING.
 13666 | D:11     | 13666 ||| FLEEEEING.
 13667 | D:11     | 13667 ||| FLEEEEING.
 13668 | D:11     | 13668 ||| FLEEEEING.
 13669 | D:11     | 13669 ||| FLEEEEING.
 13670 | D:11     | 13670 ||| FLEEEEING.
 13674 | D:11     | Received a gift from Okawaru
 13684 | D:11     | 13684 ||| SWAPPING to +3 longbow of flaming.
 13685 | D:11     | 13685 ||| DROPPING +0 orcbow.
 13766 | D:11     | 13766 ||| INVOKING Heroism.
 13767 | D:11     | 13767 ||| INVOKING Finesse.
 13900 | D:11     | 13900 ||| PLANNING D
 13900 | D:11     | 13900 ||| READING scroll labelled ENYCSE COKIE.
 13901 | D:11     | 13901 ||| READING 3 scrolls labelled DOH KAQADGHIEM.
 13902 | D:11     | 13902 ||| READING 2 scrolls of enchant weapon.
 13902 | D:11     | 13902 ||| ENCHANTING +4 longbow of flaming.
 13903 | D:11     | 13903 ||| READING scroll of enchant weapon.
 13903 | D:11     | 13903 ||| ENCHANTING +5 longbow of flaming.
 13976 | D:12     | 13976 ||| READING scroll of enchant weapon.
 13976 | D:12     | 13976 ||| ENCHANTING +6 longbow of flaming.
 14006 | D:12     | 14006 ||| INVOKING Heroism.
 14063 | D:12     | 14063 ||| INVOKING Heroism.
 14064 | D:12     | 14064 ||| INVOKING Finesse.
 14143 | D:12     | 14143 ||| INVOKING Heroism.
 14144 | D:12     | 14144 ||| INVOKING Finesse.
 14216 | D:12     | Reached skill level 17 in Ranged Weapons
 14259 | D:12     | Found Erchob's Antique Armour Shop.
 14274 | D:12     | 14274 ||| INVOKING Heroism.
 14336 | D:12     | 14336 ||| INVOKING Heroism.
 14552 | D:12     | 14552 ||| UPGRADING to amulet of reflection.
 14562 | D:12     | 14562 ||| DROPPING amulet of regeneration.
 14563 | D:12     | 14563 ||| UPGRADING to ring of positive energy.
 14685 | D:13     | 14685 ||| INVOKING Heroism.
 15187 | D:13     | 15187 ||| Stepping randomly (disturbance).
 15238 | D:13     | Identified the +8 triple crossbow of Paitz {drain, rPois
                  | rN+ Int-5} (Okawaru gifted it to you on level 13 of the
                  | Dungeon)
 15238 | D:13     | Received a gift from Okawaru
 15476 | D:13     | 15476 ||| SWAPPING to +8 triple crossbow of Paitz {drain,
                  | rPois rN+ Int-5}.
 15477 | D:13     | 15477 ||| DROPPING +7 longbow of flaming.
 15590 | D:13     | 15590 ||| UPGRADING to amulet of faith.
 15600 | D:13     | 15600 ||| UPGRADING to ring of see invisible.
 15602 | D:13     | 15602 ||| UPGRADING to +6 ring of strength.
 15682 | D:14     | 15682 ||| INVOKING Heroism.
 15762 | D:14     | Found a sparkling altar of Nemelex Xobeh.
 15816 | D:14     | Reached skill level 18 in Ranged Weapons
 15818 | D:14     | 15818 ||| INVOKING Heroism.
 16037 | D:14     | Found Gaisma's Weapon Emporium.
 16131 | D:14     | 16131 ||| INVOKING Heroism.
 16144 | D:14     | 16144 ||| INVOKING Heroism.
 16182 | D:14     | Found a gate to the Vaults.
 16234 | D:14     | Noticed Rupert
 16235 | D:14     | 16235 ||| INVOKING Heroism.
 16241 | D:14     | Killed Rupert
 16302 | D:14     | 16302 ||| INVOKING Heroism.
 16425 | D:14     | Found a huge runed gate.
 16425 | D:14     | Found a huge runed gate.
 16425 | D:14     | Found a huge runed gate.
 16430 | D:14     | Found a huge runed gate.
 16430 | D:14     | Found a huge runed gate.
 16431 | D:14     | Found a huge runed gate.
 16432 | D:14     | Found a huge runed gate.
 16432 | D:14     | Found a huge runed gate.
 16432 | D:14     | Found a huge runed gate.
 16432 | D:14     | Found a huge runed gate.
 16438 | D:14     | Found a huge runed gate.
 16438 | D:14     | Found a huge runed gate.
 16438 | D:14     | Found a huge runed gate.
 16438 | D:14     | Found a huge runed gate.
 16438 | D:14     | Found a huge runed gate.
 16438 | D:14     | Found a huge runed gate.
 16439 | D:14     | Found a huge runed gate.
 16440 | D:14     | Found a huge runed gate.
 16441 | D:14     | Found a huge runed gate.
 16449 | D:14     | Found a huge runed gate.
 16449 | D:14     | Found a huge runed gate.
 16449 | D:14     | Found a huge runed gate.
 16449 | D:14     | Found a huge runed gate.
 16449 | D:14     | Found a huge runed gate.
 16449 | D:14     | Found a huge runed gate.
 16450 | D:14     | Found a huge runed gate.
 16451 | D:14     | Found a huge runed gate.
 16453 | D:14     | Found a huge runed gate.
 16487 | D:14     | Found a huge runed gate.
 16491 | D:14     | Found a huge runed gate.
 16491 | D:14     | Found a huge runed gate.
 16507 | D:14     | Reached skill level 19 in Ranged Weapons
 16508 | D:14     | 16508 ||| INVOKING Heroism.
 16637 | D:14     | Found a huge runed gate.
 16637 | D:14     | Found a huge runed gate.
 16638 | D:14     | Found a huge runed gate.
 16638 | D:14     | Found a huge runed gate.
 16639 | D:14     | Found a huge runed gate.
 17183 | D:14     | 17183 ||| DROPPING scarf of invisibility.
 17184 | D:14     | 17184 ||| DROPPING +6 ring of intelligence.
 17212 | D:15     | Entered Level 15 of the Dungeon
 17212 | D:15     | Noticed Nessos
 17213 | D:15     | 17213 ||| INVOKING Heroism.
 17216 | D:15     | Killed Nessos
 17231 | D:15     | 17231 ||| STAIRDANCE
 17531 | D:15     | 17531 ||| INVOKING Heroism.
 17542 | D:15     | HP: 27/137 [death knight/+0 broad axe (13)]
 17543 | D:15     | 17543 ||| READING 3 scrolls of teleportation.
 17543 | D:15     | HP: 9/137 [death knight/+0 broad axe (19)]
 17544 | D:15     | Slain by a fire elemental

Levels and vault maps discovered:
D:1:      ebering_hopf_link, layout_basic, minivault_14
D:2:      layout_loops_ring, shapermc_ecumenical_altar_pompeii,
          kennysheep_decorative_pillar, serial_bayou_lagoon_a,
          kennysheep_cross_bottleneck
D:3:      layout_basic, st_stairs_10, uniq_robin
D:4:      layout_rooms, tso_altar, uniq_pikel, uniq_grinder
D:5:      layout_basic, grunt_temple_overflow_open, minitemple, temple_doors_cd,
          minmay_ruined_shrine
D:6:      layout_loops_ring, kennysheep_generic_room_6
D:7:      layout_basic, grunt_ministairs_10
D:8:      layout_cave_pools, uniq_joseph
D:9:      layout_grid_maze, lair_entry_dummy, orc_0_dummy, uniq_amaemon,
          uniq_harold
D:10:     minmay_angry_zag, layout_loops_ring, ebering_ghost_rock_garden, pond
D:11:     layout_big_octagon, kennysheep_generic_room_4
D:12:     layout_cave_pools, serial_column_ruins, column_ruins_hut_ruined,
          column_ruins_courtyard_long, column_ruins_corridor_corner,
          column_ruins_open_medium, column_ruins_open_tiny,
          column_ruins_columns_straight, serial_shops,
          nicolae_shop_tiny_statue_garden, minmay_misc_feat_room,
          item_on_display_a
D:13:     layout_loops_ring, hangedman_batty
D:14:     layout_layer_cave, david_vaults_2, serial_shops,
          nicolae_stop_n_shop_1, nemelex_spade_bored_becter,
          gammafunk_ghost_door_vault, uniq_rupert
D:15:     grunt_enter_depths_giant_problem, layout_long_grid, serial_rivers,
          chequers_serial_rivers_room_a, chequers_serial_rivers_large_a,
          chequers_serial_rivers_large_b, chequers_serial_rivers_small_a,
          chequers_serial_rivers_room_b, chequers_serial_rivers_room_b,
          nicolae_lava_and_water, uniq_nessos
Lair:1:   layout_gridlike, chequers_serial_rivers_small_a
Lair:2:   layout_regular_city, basic_altar, beast_lair_carwin_7, uniq_erica
Lair:3:   layout_cave_pods, shoals_dummy_entry, guppyfry_snake_entry_island,
          beast_lair_carwin_5, lemuel_fruit_tree, uniq_fannar
Lair:4:   layout_regular_city, slime_entry_1, gammafunk_ghost_necromancy,
          pf_torpor_hydra, grunt_megastairs_5, infiniplex_staircase_pool,
          serial_bayou_shore_b
Lair:5:   evil_forest, layout_cave_shapes

Skill      XL: |  1  2  3  4  5  6  7  8  9 10 11 12 13 14 |
---------------+-------------------------------------------+-----
Ranged Weapons | 3 4 5 13 14 15 16 19 | 19.2
Fighting       | 2 3 11 12 14 15 16 | 16.0
Armour         | 1 2 3 4 6 7 |  7.0
Dodging        | 3 5 7 9 11 12 | 12.1
Invocations    | 1 4 6 9 10 | 10.0
Spellcasting   | |  1.0
Hexes          | |  2.0

Action                     |  1- 3 |  4- 6 |  7- 9 | 10-12 | 13-15 || total
---------------------------+-------+-------+-------+-------+-------++-------
   Fire: Sling             |   175 |    92 |   330 |       |       ||   597
         Orcbow            |       |       |   172 |   754 |   554 ||  1480
         Longbow           |       |       |       |       |   220 ||   220
         Triple crossbow   |       |       |       |       |   104 ||   104
 Invoke: Heroism           |       |       |     8 |    31 |    28 ||    67
         Finesse           |       |       |       |       |     3 ||     3
    Use: Scroll            |     3 |       |     9 |     7 |     9 ||    28
         Potion            |     1 |     2 |     7 |     3 |     1 ||    14
 Armour: Ring mail         |    20 |    31 |   112 |   112 |    98 ||   373
         Robe              |     4 |       |       |       |       ||     4
  Dodge: Dodged            |    24 |    33 |   155 |   308 |   447 ||   967
         Repelled          |       |       |       |       |     2 ||     2
  Block: Other             |       |       |     5 |    62 |    77 ||   144
         Reflection        |       |       |       |       |     3 ||     3

Table legend:
 A = Non-vault XP
 B = Vault XP
 C = Vault XP percentage of total XP
 D = Non-vault monster count
 E = Vault monster count
 F = Vault count percentage of total count
                 A         B        C        D         E       F
            +---------+---------+-------+---------+---------+-------
      Total |   72847 |   28339 |  28.0 |     437 |     107 |  19.7
            +---------+---------+-------+---------+---------+-------
        D:1 |      37 |       0 |   0.0 |      24 |       0 |   0.0
        D:2 |      49 |       0 |   0.0 |      24 |       0 |   0.0
        D:3 |     264 |      67 |  20.2 |      24 |      16 |  40.0
        D:4 |     662 |     923 |  58.2 |      38 |       2 |   5.0
        D:5 |     413 |     230 |  35.8 |      18 |       7 |  28.0
        D:6 |    1811 |     232 |  11.4 |      42 |       3 |   6.7
        D:7 |    1378 |      43 |   3.0 |      17 |       1 |   5.6
        D:8 |    1393 |     466 |  25.1 |      19 |       1 |   5.0
        D:9 |    1746 |    2056 |  54.1 |      24 |       3 |  11.1
       D:10 |     814 |    2777 |  77.3 |       4 |      12 |  75.0
       D:11 |    3806 |     371 |   8.9 |      17 |       1 |   5.6
       D:12 |    8838 |       0 |   0.0 |      27 |       0 |   0.0
       D:13 |    4189 |    1797 |  30.0 |      13 |      13 |  50.0
       D:14 |   10581 |    3461 |  24.6 |      19 |       4 |  17.4
       D:15 |    3081 |    1019 |  24.9 |      12 |       1 |   7.7
     Lair:1 |    4007 |       0 |   0.0 |      17 |       0 |   0.0
     Lair:2 |    3260 |    1634 |  33.4 |      11 |       7 |  38.9
     Lair:3 |    7634 |    2282 |  23.0 |      26 |       8 |  23.5
     Lair:4 |   11225 |     531 |   4.5 |      39 |       2 |   4.9
     Lair:5 |    7659 |   10450 |  57.7 |      22 |      26 |  54.2
            +---------+---------+-------+---------+---------+-------
